[Event "Titled Tuesday Blitz November 08 Early 2022"]
[White "Lopez Martinez, Josep Manuel"]
[Black "Degenbaev, Aziz"]
[WhiteFideId "2212943"]
[BlackFideId "13802640"]
[WhiteElo "2471"]
[BlackElo "2039"]
[Result "1-0"]
[Round "05"]
[TimeControl "180+1"]
[Date "2022.11.09"]
[WhiteClock "0:01:15"]
[BlackClock "0:00:04"]

1. e4 e6 2. d4 d5 3. e5 c5 4. c3 Nc6 5. Nf3 Bd7 6. a3 f6 7. Bd3 fxe5 8. Nxe5 Nxe5 9. dxe5 g6 10. h4 Qc7 11. Qe2 O-O-O 12. h5 Bg7 13. hxg6 hxg6 14. Rxh8 Bxh8 15. Bf4 Rf8 16. Bg3 Ne7 17. Nd2 Nf5 18. Bh2 Bg7 19. Nf3 Rh8 20. O-O-O Kb8 21. g4 Ne7 22. Bg3 a6 23. Kb1 Bc6 24. Ng5 Bd7 25. Nf7 Rf8 26. Nd6 Ba4 27. Rh1 Rh8 28. Rxh8+ Bxh8 29. f4 c4 30. Bc2 Bxc2+ 31. Qxc2 Qb6 32. Bf2 Qd8 33. Bd4 Qf8 34. Qh2 Bg7 35. Ka2 Nc6 36. Qh7 Ne7 37. Be3 Qh8 38. Qxh8+ Bxh8 39. Nf7 Bg7 40. Ng5 Bh6 41. Nxe6 Nc6 42. g5 1-0


[Site "https://www.chess.com"]

[Event "Titled Tuesday Blitz November 08 Early 2022"]
[White "Lucas, Arthur"]
[Black "Dominguez Perez, Leinier"]
[WhiteFideId "26093073"]
[BlackFideId "3503240"]
[WhiteElo "2251"]
[BlackElo "2647"]
[Result "0-1"]
[Round "05"]
[TimeControl "180+1"]
[Date "2022.11.09"]
[WhiteClock "0:00:03"]
[BlackClock "0:01:20"]

1. e4 c5 2. Nc3 d6 3. Nf3 Nf6 4. d4 cxd4 5. Nxd4 a6 6. Rg1 h5 7. Bg5 e6 8. Qd2 Nbd7 9. f4 Qc7 10. O-O-O b5 11. Bd3 Bb7 12. Qe1 Be7 13. Kb1 b4 14. Na4 Nc5 15. Qxb4 Ncxe4 16. Bxf6 Nxf6 17. f5 e5 18. Nb3 a5 19. Qb6 Bd8 20. Bb5+ Ke7 21. Rxd6 Qxb6 22. Rxb6 Bxb6 23. Nxb6 Ra7 24. a4 h4 25. c4 Be4+ 26. Ka2 Bxf5 27. Re1 Be4 28. Nc5 Bxg2 29. Ka3 e4 30. b4 axb4+ 31. Kxb4 h3 32. a5 Rb8 33. Na6 Rd8 34. Kc5 Ng4 35. Nb4 Ne5 36. Nc6+ Nxc6 37. Kxc6 Rxa5 38. Kc7 Rd4 39. Nd5+ Rxd5 40. cxd5 Rxb5 41. d6+ Ke6 42. d7 Rc5+ 43. Kb6 Rd5 0-1


[Site "https://www.chess.com"]

[Event "Titled Tuesday Blitz November 08 Early 2022"]
[White "Manukian, Artak"]
[Black "Wagner, Dennis"]
[WhiteFideId "13301373"]
[BlackFideId "24650684"]
[WhiteElo "2130"]
[BlackElo "2470"]
[Result "0-1"]
[Round "05"]
[TimeControl "180+1"]
[Date "2022.11.09"]
[WhiteClock "0:00:03"]
[BlackClock "0:00:29"]

1. e4 e5 2. Nf3 Nc6 3. d4 exd4 4. Nxd4 Nf6 5. Nxc6 bxc6 6. e5 Qe7 7. Qe2 Nd5 8. c4 Nb6 9. b3 Qe6 10. Nc3 Bb4 11. Bb2 a5 12. a4 O-O 13. O-O-O d6 14. exd6 cxd6 15. Qxe6 Bxe6 16. Bd3 d5 17. cxd5 cxd5 18. Nb5 Nd7 19. Kb1 Nc5 20. Bc2 Ne4 21. Bxe4 dxe4 22. Nd4 Bd5 23. Ka2 Rac8 24. Nf5 Rfd8 25. Ne3 Be6 26. Rxd8+ Rxd8 27. Rd1 Rc8 28. Rc1 Rd8 29. Rd1 Rb8 30. Nc4 f5 31. Ba3 Kf7 32. Bxb4 Bxc4 33. bxc4 Rxb4 34. Rc1 Rxa4+ 35. Kb3 Rb4+ 36. Kc3 Rb8 37. c5 Ke6 38. Kc4 Rb4+ 39. Kc3 Kd5 40. Ra1 Rb5 41. Kd2 Rxc5 42. Ke3 Ke5 43. Ra3 f4+ 44. Ke2 g5 45. h4 gxh4 0-1


[Site "https://www.chess.com"]

[Event "Titled Tuesday Blitz November 08 Early 2022"]
[White "Manukyan, Sargis A."]
[Black "Koziorowicz, Michal"]
[WhiteFideId "13303970"]
[BlackFideId "21809194"]
[WhiteElo "2187"]
[BlackElo "2174"]
[Result "0-1"]
[Round "05"]
[TimeControl "180+1"]
[Date "2022.11.09"]
[WhiteClock "0:00:05"]
[BlackClock "0:01:29"]

1. d4 Nf6 2. c4 e6 3. Nc3 b6 4. e4 Bb7 5. Bd3 d6 6. Nge2 Nbd7 7. f4 e5 8. d5 exf4 9. Nxf4 g6 10. O-O Bg7 11. Be3 O-O 12. Rc1 Re8 13. b4 a5 14. a3 Ne5 15. Be2 Ba6 16. c5 axb4 17. Bxa6 bxc3 18. Bb5 bxc5 19. Bxe8 Qxe8 20. Rxc3 Nxe4 21. Rb3 Nc4 22. Kh1 Nxa3 23. Bg1 Nc4 24. Rh3 h5 25. Nxh5 Ra1 26. Nxg7 Rxd1 27. Nxe8 Rxf1 28. Rf3 Rxf3 29. gxf3 Ned2 30. Nxc7 Nxf3 31. Bf2 Kg7 32. Kg2 Ng5 33. h4 Ne4 34. Kf3 Nc3 35. Bg3 f5 36. Kf4 Ne5 37. Ke3 Kf7 38. Kd2 Ne4+ 0-1


[Site "https://www.chess.com"]

[Event "Titled Tuesday Blitz November 08 Early 2022"]
[White "Matinian, Nikita"]
[Black "Anton Guijarro, David"]
[WhiteFideId "24129100"]
[BlackFideId "2285525"]
[WhiteElo "2422"]
[BlackElo "2579"]
[Result "0-1"]
[Round "05"]
[TimeControl "180+1"]
[Date "2022.11.08"]
[WhiteClock "0:00:11"]
[BlackClock "0:00:24"]

1. e4 c6 2. d4 d5 3. e5 Bf5 4. Nf3 e6 5. Be2 Nd7 6. O-O Ne7 7. Nbd2 Nc8 8. a4 a5 9. Ne1 Be7 10. g4 Be4 11. f3 Bg6 12. f4 Be4 13. Nxe4 dxe4 14. c3 c5 15. Qc2 cxd4 16. cxd4 Na7 17. Qxe4 Nc6 18. Be3 Nb6 19. f5 Nd5 20. fxe6 fxe6 21. Bb5 Qb6 22. Rc1 O-O-O 23. Rf7 Kb8 24. Bf2 h5 25. Nd3 hxg4 26. Qxg4 Ncb4 27. Nxb4 Bxb4 28. Rxg7 Bd2 29. Rc5 Be3 30. Bxe3 Nxe3 31. Qe4 Nf5 32. Rgc7 Rxd4 33. Qc2 Rg4+ 34. Kh1 Ng3+ 35. Kg2 Ne4+ 36. Kf3 Nxc5 37. Rxc5 Rgh4 0-1


[Site "https://www.chess.com"]

[Event "Titled Tuesday Blitz November 08 Early 2022"]
[White "Matlakov, Maxim"]
[Black "Jean Louis, Marckens"]
[WhiteFideId "4168003"]
[BlackFideId "11900270"]
[WhiteElo "2669"]
[BlackElo "2030"]
[Result "1-0"]
[Round "05"]
[TimeControl "180+1"]
[Date "2022.11.09"]
[WhiteClock "0:02:23"]
[BlackClock "0:01:14"]

1. Nf3 d5 2. e3 e6 3. c4 Nf6 4. Nc3 Be7 5. b3 O-O 6. Bb2 b6 7. cxd5 Nxd5 8. Nxd5 exd5 9. Qc2 Bb7 10. h4 Nc6 11. Ng5 g6 12. Nxh7 Kxh7 13. h5 Bf6 14. hxg6+ Kg8 15. g7 1-0


[Site "https://www.chess.com"]

[Event "Titled Tuesday Blitz November 08 Early 2022"]
[White "Melikhov, Evgeny V."]
[Black "Gurevich, Dmitry"]
[WhiteFideId "4122046"]
[BlackFideId "2000407"]
[WhiteElo "2169"]
[BlackElo "2506"]
[Result "0-1"]
[Round "05"]
[TimeControl "180+1"]
[Date "2022.11.09"]
[WhiteClock "0:00:04"]
[BlackClock "0:01:10"]

1. d4 Nf6 2. c4 a6 3. Nc3 c5 4. d5 b5 5. Nf3 b4 6. Na4 d6 7. b3 g6 8. a3 a5 9. axb4 axb4 10. Ra2 Bg7 11. Qc2 Bf5 12. Qd2 O-O 13. Bb2 Ne4 14. Qc1 Bxb2 15. Rxb2 Nc3 16. Nxc3 bxc3 17. Qxc3 Ra1+ 18. Kd2 Na6 19. g3 Nb4 20. Bg2 Rxh1 21. Bxh1 Qa8 22. Nh4 Qa1 23. Nxf5 gxf5 24. Qc1 Qa5 25. Qc3 Ra8 26. Bf3 Qb6 27. Qe3 Kf8 28. Qh6+ Ke8 29. Bh5 Qa5 30. Ke3 Qa1 31. Rc2 Qd4+ 32. Kf3 Qe4# 0-1


[Site "https://www.chess.com"]

[Event "Titled Tuesday Blitz November 08 Early 2022"]
[White "Mendez Fortes, Eduardo Jesus"]
[Black "Seletsky, Grigory"]
[WhiteFideId "3502376"]
[BlackFideId "14112191"]
[WhiteElo "2307"]
[BlackElo "2492"]
[Result "1-0"]
[Round "05"]
[TimeControl "180+1"]
[Date "2022.11.09"]
[WhiteClock "0:00:01"]
[BlackClock "0:00:01"]

1. e4 c5 2. Nf3 d6 3. d4 cxd4 4. Nxd4 Nf6 5. Nc3 a6 6. Bg5 e5 7. Nf5 Bxf5 8. Bxf6 Qxf6 9. Nd5 Qd8 10. exf5 Nd7 11. a4 Be7 12. Bc4 Nf6 13. Ne3 O-O 14. O-O Rc8 15. Bd5 Rc5 16. b4 Rc7 17. Qd3 Qc8 18. c4 Rd8 19. a5 Ne8 20. g3 Bg5 21. Ng2 Nf6 22. h4 Nxd5 23. cxd5 Bf6 24. Rab1 Rc3 25. Qe2 Qc7 26. Ne3 Rc8 27. Qg4 Rd3 28. Qe4 Rd4 29. Qf3 e4 30. Qe2 Qc3 31. Rfe1 Rxb4 32. Rbd1 Rb2 33. Qg4 Re8 34. Re2 Bd4 35. Rxb2 Qxb2 36. Re1 Qc3 37. Re2 Qd3 38. Kg2 f6 39. Re1 Re5 40. h5 h6 41. Qf4 Bxe3 42. Rxe3 Qxd5 43. Qg4 Rxf5 44. Qg6 Rg5 45. Qe8+ Kh7 46. Qd7 Rxh5 47. Qe7 Re5 48. Qc7 Qxa5 49. Qxd6 Qd5 50. Qb6 Rf5 51. Qb2 Rf3 52. Re2 Rd3 53. Kg1 e3 54. fxe3 Rd1+ 55. Kf2 Qd3 56. Qc2 1-0


[Site "https://www.chess.com"]

[Event "Titled Tuesday Blitz November 08 Early 2022"]
[White "Milikow, Yoav"]
[Black "Adewumi, Tanitoluwa"]
[WhiteFideId "2822237"]
[BlackFideId "30966396"]
[WhiteElo "2341"]
[BlackElo "2564"]
[Result "1-0"]
[Round "05"]
[TimeControl "180+1"]
[Date "2022.11.09"]
[WhiteClock "0:00:08"]
[BlackClock "0:00:01"]

1. d4 Nf6 2. c4 e6 3. Nc3 Bb4 4. Qc2 O-O 5. Nf3 c5 6. dxc5 Na6 7. g3 Nxc5 8. Bg2 Bxc3+ 9. Qxc3 Nce4 10. Qd4 d6 11. O-O e5 12. Qe3 Be6 13. b3 Re8 14. Nh4 d5 15. cxd5 Bxd5 16. f3 Nd6 17. Bb2 Qe7 18. Ba3 Nf5 19. Qc1 Nd4 20. Bxe7 Nxe2+ 21. Kf2 Nxc1 22. Bxf6 Nd3+ 23. Ke3 Nb4 24. Bxg7 Nc2+ 25. Kd2 Nxa1 26. Bh6 Rad8 27. Rxa1 Bxf3+ 28. Ke3 Bxg2 29. Nxg2 Rd6 30. Bg5 f6 31. Bh4 Red8 32. Rf1 Kf7 33. Ne1 Kg6 34. Nf3 Rd3+ 35. Ke2 R8d5 36. Bxf6 e4 37. Ne5+ Kh5 38. g4+ Kh6 39. Nxd3 exd3+ 40. Kd2 Kg6 41. h4 Rc5 42. Bc3 Rc6 43. Rf3 h5 44. g5 Re6 45. Rf6+ Rxf6 46. Bxf6 1-0


[Site "https://www.chess.com"]

[Event "Titled Tuesday Blitz November 08 Early 2022"]
[White "Mills, Morgen"]
[Black "Hajiyev, Kanan"]
[WhiteFideId "2013304"]
[BlackFideId "13404148"]
[WhiteElo "2278"]
[BlackElo "2118"]
[Result "0-1"]
[Round "05"]
[TimeControl "180+1"]
[Date "2022.11.09"]
[WhiteClock "0:00:03"]
[BlackClock "0:00:09"]

1. e4 c6 2. Nc3 d5 3. d4 a6 4. e5 Bf5 5. g4 Bg6 6. h4 h5 7. g5 e6 8. Bd3 Ne7 9. Bxg6 Nxg6 10. f4 Ne7 11. Nce2 Nf5 12. Qd3 g6 13. Ng3 Nxg3 14. Qxg3 Qb6 15. Ne2 c5 16. Qb3 Qxb3 17. axb3 Nc6 18. Be3 cxd4 19. Bxd4 Rc8 20. c3 Be7 21. Kd2 Kd7 22. b4 Nxd4 23. Nxd4 Rc4 24. Rhf1 Bxb4 25. Kd3 Be7 26. b3 Rc7 27. b4 Rhc8 28. Ne2 Rc4 29. Ra4 Bd8 30. Rf3 Bb6 31. Kd2 Ke7 32. Ra1 d4 33. cxd4 Bxd4 34. Rb1 Bb6 35. Rd3 Rc2+ 36. Ke1 R8c4 37. Rbd1 Rc7 38. R1d2 Rxd2 39. Kxd2 Rc4 0-1


[Site "https://www.chess.com"]

[Event "Titled Tuesday Blitz November 08 Early 2022"]
[White "Moaataz, Ayah"]
[Black "Odegov, Artem"]
[WhiteFideId "10615873"]
[BlackFideId "34183644"]
[WhiteElo "1993"]
[BlackElo "2298"]
[Result "0-1"]
[Round "05"]
[TimeControl "180+1"]
[Date "2022.11.09"]
[WhiteClock "0:02:00"]
[BlackClock "0:02:12"]

1. c4 Nf6 2. g3 c5 3. Bg2 e6 4. Nf3 d5 5. cxd5 exd5 6. O-O Nc6 7. d4 Be7 8. dxc5 Bxc5 9. Nc3 O-O 10. Bg5 d4 11. Ne4 Be7 12. Bxf6 Bxf6 13. Rc1 Bf5 14. Nc5 Qe7 15. Nh4 Bg4 16. Nxb7 Bxe2 17. Qa4 Bxf1 18. Rxf1 Bxh4 19. Bxc6 Bf6 20. b4 Rab8 21. Qxa7 Qxb4 22. Bf3 d3 23. Nc5 Bd4 0-1


[Site "https://www.chess.com"]

[Event "Titled Tuesday Blitz November 08 Early 2022"]
[White "Molina, Roberto Junio Brito"]
[Black "Shuvalov, Evgenij"]
[WhiteFideId "2109450"]
[BlackFideId "4187237"]
[WhiteElo "2388"]
[BlackElo "2049"]
[Result "0-1"]
[Round "05"]
[TimeControl "180+1"]
[Date "2022.11.09"]
[WhiteClock "0:00:14"]
[BlackClock "0:00:15"]

1. d4 Nf6 2. c4 g6 3. Nc3 d5 4. Nf3 Bg7 5. Qb3 dxc4 6. Qxc4 O-O 7. e4 a6 8. e5 b5 9. Qb3 Be6 10. exf6 Bxb3 11. fxg7 Kxg7 12. axb3 Nc6 13. Be3 Nb4 14. Rc1 f6 15. Be2 c6 16. O-O Re8 17. Ne4 Nd5 18. Nc5 Kg8 19. Bd2 Qd6 20. Rfe1 e5 21. dxe5 fxe5 22. Ne4 Qf8 23. Rxc6 Rec8 24. Nxe5 Rxc6 25. Nxc6 Rc8 26. Nd4 Nf4 27. Bf1 Rd8 28. Bxf4 Rxd4 29. Be5 Qb4 30. Bxd4 Qxe1 31. f3 Qd1 32. Bc5 Qxb3 33. Bd4 Qd1 34. Bc3 b4 35. Bd2 a5 36. Kf2 Qc2 37. Bc4+ Qxc4 0-1


[Site "https://www.chess.com"]

[Event "Titled Tuesday Blitz November 08 Early 2022"]
[White "Moskvin, Anatoly"]
[Black "Hasangatin, Ramil"]
[WhiteFideId "24199990"]
[BlackFideId "4122160"]
[WhiteElo "2079"]
[BlackElo "2362"]
[Result "1-0"]
[Round "05"]
[TimeControl "180+1"]
[Date "2022.11.09"]
[WhiteClock "0:00:18"]
[BlackClock "0:00:02"]

1. e4 c5 2. Nf3 Nf6 3. d3 Nc6 4. g3 d6 5. Bg2 g6 6. O-O Bg7 7. Re1 O-O 8. c3 e5 9. h3 d5 10. Bg5 d4 11. cxd4 cxd4 12. Na3 Be6 13. Qd2 Qe7 14. Nh2 Qb4 15. Qe2 Nd7 16. Nc2 Qd6 17. b4 b5 18. a4 a6 19. Bd2 Nb6 20. axb5 axb5 21. Na3 Na7 22. f4 f6 23. f5 Bf7 24. fxg6 hxg6 25. Ng4 Be6 26. Rf1 Na4 27. Rf2 Nc3 28. Bxc3 dxc3 29. Nc2 Bxg4 30. Qxg4 Nc6 31. Qxg6 Rxa1+ 32. Nxa1 Nxb4 33. Bf1 Nxd3 34. Ra2 Qd4+ 35. Kh2 Nc5 36. Ra7 Nd7 37. Bxb5 Rd8 38. Rxd7 Rxd7 39. Qe8+ Kh7 40. Qxd7 Qf2+ 41. Kh1 Qe1+ 42. Kg2 Qxa1 43. Qf5+ Kh6 44. Be8 Qa2+ 45. Kf3 1-0


[Site "https://www.chess.com"]

[Event "Titled Tuesday Blitz November 08 Early 2022"]
[White "Mouhamad, Joachim"]
[Black "Stribuk, Artiom"]
[WhiteFideId "656410"]
[BlackFideId "13515659"]
[WhiteElo "2164"]
[BlackElo "2371"]
[Result "1-0"]
[Round "05"]
[TimeControl "180+1"]
[Date "2022.11.09"]
[WhiteClock "0:00:05"]
[BlackClock "0:00:09"]

1. e4 e5 2. Nf3 Nc6 3. Bc4 Nf6 4. d4 exd4 5. e5 Ng4 6. O-O Be7 7. Re1 d6 8. exd6 cxd6 9. Nxd4 O-O 10. Be2 Nge5 11. Nc3 Bf6 12. Be3 d5 13. Nxc6 bxc6 14. Bc5 Re8 15. Qd2 Bf5 16. Bd4 Qd6 17. Na4 Nc4 18. Qc3 Bxd4 19. Qxd4 Re4 20. Qc3 h6 21. Bd3 Rxe1+ 22. Rxe1 Bxd3 23. cxd3 Nb6 24. Nc5 Nd7 25. Nxd7 Qxd7 26. g3 Re8 27. Rxe8+ Qxe8 28. Kg2 Qe2 29. a4 a5 30. h4 g6 31. Qd4 h5 32. Qc3 Kh7 33. Qf6 Kg8 34. Qd8+ Kg7 35. Qxa5 Qxd3 36. Qc3+ Qxc3 37. bxc3 c5 38. a5 d4 39. cxd4 c4 40. Kf3 c3 41. Ke3 g5 42. Kd3 f5 43. hxg5 f4 44. Kxc3 Kg6 45. a6 fxg3 46. fxg3 Kxg5 47. a7 1-0


[Site "https://www.chess.com"]

[Event "Titled Tuesday Blitz November 08 Early 2022"]
[White "Nakamura, Hikaru"]
[Black "Chigaev, Maksim"]
[WhiteFideId "2016192"]
[BlackFideId "4108116"]
[WhiteElo "2909"]
[BlackElo "2541"]
[Result "1-0"]
[Round "05"]
[TimeControl "180+1"]
[Date "2022.11.08"]
[WhiteClock "0:00:26"]
[BlackClock "0:00:01"]

1. Nf3 Nf6 2. g3 g6 3. Bg2 Bg7 4. d3 O-O 5. e4 c5 6. O-O Nc6 7. Nbd2 d6 8. c3 Rb8 9. a4 a6 10. Re1 b5 11. d4 b4 12. h3 Nd7 13. Nb3 a5 14. Bf1 Nb6 15. Be3 cxd4 16. cxd4 d5 17. e5 Nc4 18. Bc1 f6 19. e6 f5 20. Bf4 Rb6 21. Qc2 Nd6 22. Rad1 Ne4 23. Nc5 b3 24. Qc1 Nb4 25. Nxb3 Rxe6 26. Be5 Rc6 27. Qb1 f4 28. g4 h5 29. Bxg7 Kxg7 30. Ne5 hxg4 31. Rxe4 Rc2 32. Re2 Bf5 33. Rxc2 Bxc2 34. Nc5 Qd6 35. Qc1 Qf6 36. Rd2 Bf5 37. hxg4 Qg5 38. f3 1-0


[Site "https://www.chess.com"]

[Event "Titled Tuesday Blitz November 08 Early 2022"]
[White "Namitbir Singh Walia"]
[Black "Mesa Cruz, Juan Carlos"]
[WhiteFideId "35071068"]
[BlackFideId "6423400"]
[WhiteElo "2239"]
[BlackElo "2059"]
[Result "1-0"]
[Round "05"]
[TimeControl "180+1"]
[Date "2022.11.09"]
[WhiteClock "0:02:32"]
[BlackClock "0:02:13"]

1. e4 c5 2. Nf3 d6 3. Bb5+ Bd7 4. Bxd7+ Qxd7 5. O-O Nf6 6. Re1 e6 7. c3 Be7 8. d4 cxd4 9. cxd4 d5 10. e5 Ne4 11. Qd3 Nc6 12. a3 Rc8 13. Nbd2 Nxd2 14. Bxd2 Rc7 15. h4 O-O 16. h5 Rfc8 17. h6 g6 18. Nh2 a6 19. Ng4 Na7 20. Qf3 Rc2 21. Nf6+ Bxf6 22. Qxf6 Kf8 23. Bb4+ 1-0


[Site "https://www.chess.com"]

[Event "Titled Tuesday Blitz November 08 Early 2022"]
[White "Nurmanova, Alua"]
[Black "Luxama, Jacques Muller"]
[WhiteFideId "13729390"]
[BlackFideId "11900113"]
[WhiteElo "2120"]
[BlackElo "1931"]
[Result "1-0"]
[Round "05"]
[TimeControl "180+1"]
[Date "2022.11.09"]
[WhiteClock "0:00:12"]
[BlackClock "0:00:01"]

1. e4 c5 2. Nf3 d6 3. d4 cxd4 4. Nxd4 Nf6 5. Nc3 a6 6. Bg5 e6 7. f4 Qb6 8. Qd2 Qxb2 9. Rb1 Qa3 10. e5 dxe5 11. fxe5 Nfd7 12. Be2 Nc6 13. Ncb5 axb5 14. Nxb5 Bb4 15. c3 Bxc3 16. Nxc3 O-O 17. O-O Ndxe5 18. Rb3 Qc5+ 19. Be3 Qe7 20. Nb5 Rd8 21. Qc2 Bd7 22. Bc5 Qg5 23. Rg3 Qh6 24. Be3 Qh4 25. Rh3 Qxh3 26. gxh3 Ng6 27. Nd6 Rf8 28. Nxb7 Nce5 29. Nc5 Bc6 30. Nd3 Bd5 31. Nxe5 Nxe5 32. a4 Rac8 33. Qb2 Ng6 34. Bd4 f6 35. Bd3 e5 36. Bc3 Bf7 37. h4 Nxh4 38. a5 Rfd8 39. Be2 Bd5 40. a6 Rb8 41. Qc1 Rdc8 42. Qd2 Bf7 43. a7 Ra8 44. Qe3 Nf5 45. Rxf5 Bg6 46. Rf1 Rc7 47. Ra1 Bf7 48. Bf3 Rac8 49. a8=Q Rxa8 50. Rxa8+ Be8 51. Rxe8+ Kf7 52. Ra8 g6 53. Bd5+ Kg7 54. Bd2 1-0


[Site "https://www.chess.com"]

[Event "Titled Tuesday Blitz November 08 Early 2022"]
[White "Orlov, Georgi"]
[Black "Fernandez Hernandez, Gerardo"]
[WhiteFideId "2011271"]
[BlackFideId "2207400"]
[WhiteElo "2564"]
[BlackElo "2230"]
[Result "1-0"]
[Round "05"]
[TimeControl "180+1"]
[Date "2022.11.09"]
[WhiteClock "0:01:00"]
[BlackClock "0:00:01"]

1. d4 Nf6 2. Nf3 g6 3. c4 Bg7 4. Nc3 O-O 5. e4 d6 6. Be2 Bg4 7. Be3 Nfd7 8. Rc1 c5 9. d5 Na6 10. O-O Re8 11. h3 Bxf3 12. Bxf3 Nc7 13. Be2 e6 14. dxe6 Nxe6 15. Qxd6 Nd4 16. Bg4 Ne5 17. Qxc5 Nd3 18. Qd5 Nxc1 19. Rxc1 h5 20. Bd7 Re7 21. Ba4 Qxd5 22. exd5 Nf5 23. Bg5 Rc7 24. Bb3 Re8 25. Kf1 a6 26. Bf4 Rce7 27. d6 Re6 28. c5 Re4 29. d7 1-0


[Site "https://www.chess.com"]

[Event "Titled Tuesday Blitz November 08 Early 2022"]
[White "Orzech, Dominik"]
[Black "Alhadad, Mahmoud"]
[WhiteFideId "1115065"]
[BlackFideId "11501863"]
[WhiteElo "2272"]
[BlackElo "1955"]
[Result "1-0"]
[Round "05"]
[TimeControl "180+1"]
[Date "2022.11.09"]
[WhiteClock "0:00:34"]
[BlackClock "0:00:01"]

1. g3 d5 2. Bg2 Nc6 3. Nf3 e5 4. c4 Be6 5. cxd5 Bxd5 6. Nc3 Be6 7. O-O Nf6 8. d3 h6 9. Rb1 Bd6 10. a3 a5 11. Nb5 Qd7 12. Bd2 O-O 13. Bc3 Nd5 14. Qa4 Nxc3 15. bxc3 Rfb8 16. Nd2 Bh3 17. Nxd6 Bxg2 18. Kxg2 Qxd6 19. Rb5 Ne7 20. Rfb1 Qc6+ 21. Qe4 Qxc3 22. Rxb7 Rxb7 23. Qxb7 Rc8 24. Nc4 Qd4 25. Qb5 f6 26. Qxa5 Nd5 27. Qa6 Re8 28. Qc6 Rd8 29. Rb7 e4 30. Qe6+ Kh7 31. Qxe4+ Qxe4+ 32. dxe4 Nc3 33. Kf3 Re8 34. e5 fxe5 35. Rxc7 e4+ 36. Kg4 Nxe2 37. Nd6 Rf8 38. Nxe4 Nd4 39. f4 Ne6 40. Re7 h5+ 41. Kxh5 1-0


[Site "https://www.chess.com"]

[Event "Titled Tuesday Blitz November 08 Early 2022"]
[White "Ovchinnikov, Vsevolod"]
[Black "Donchenko, Alexander"]
[WhiteFideId "24176842"]
[BlackFideId "24603295"]
[WhiteElo "2376"]
[BlackElo "2572"]
[Result "0-1"]
[Round "05"]
[TimeControl "180+1"]
[Date "2022.11.09"]
[WhiteClock "0:00:09"]
[BlackClock "0:00:53"]

1. d4 Nf6 2. c4 e6 3. g3 c5 4. d5 exd5 5. cxd5 d6 6. Nc3 g6 7. Bg2 Bg7 8. Nf3 O-O 9. O-O Re8 10. Nd2 a6 11. a4 Nbd7 12. h3 Rb8 13. a5 b5 14. axb6 Nxb6 15. Kh2 h5 16. e4 Nfd7 17. Qc2 c4 18. Nd1 Ne5 19. Ne3 Qc7 20. Ra3 Re7 21. f4 Nd3 22. Ndxc4 Nb4 23. Qe2 Nxc4 24. Qxc4 Qb6 25. Qb3 Rc7 26. Nc4 Qc5 27. Na5 Nc6 28. Qa2 Nxa5 29. Rxa5 Qc2 30. b4 Rxb4 31. Bd2 Rb2 0-1


[Site "https://www.chess.com"]

[Event "Titled Tuesday Blitz November 08 Early 2022"]
[White "Padmini, Rout"]
[Black "Shipov, Sergei"]
[WhiteFideId "5029295"]
[BlackFideId "4113624"]
[WhiteElo "2296"]
[BlackElo "2790"]
[Result "0-1"]
[Round "05"]
[TimeControl "180+1"]
[Date "2022.11.09"]
[WhiteClock "0:00:02"]
[BlackClock "0:00:21"]

1. e4 e6 2. d4 d5 3. Nc3 Bb4 4. e5 c5 5. a3 Bxc3+ 6. bxc3 Nc6 7. Bd3 Qa5 8. Bd2 Qa4 9. Qg4 Kf8 10. Nf3 h6 11. Kd1 b6 12. h4 Ba6 13. Bxa6 Qxa6 14. h5 Nge7 15. Qf4 Rc8 16. dxc5 bxc5 17. g4 Rb8 18. Ne1 Qc4 19. Qxc4 dxc4 20. f4 g6 21. Ng2 Nd5 22. hxg6 fxg6 23. Ne3 Nxf4 24. Rf1 g5 25. Nxc4 Kg7 26. Bxf4 Rhf8 27. Ke2 gxf4 28. Kf3 Ne7 29. Ke4 Nd5 30. Rf3 Kg6 31. Rh1 Rf7 32. Nd6 Rh7 33. c4 Nb6 34. Rxf4 Nd7 35. Rhf1 Rb2 36. Rf7 Rxf7 37. Rxf7 Nb6 38. Rf6+ Kg7 39. Rxe6 Rxc2 40. Nf5+ Kf7 41. Re7+ Kf8 42. e6 Rxc4+ 43. Ke5 Rxg4 44. Rf7+ Kg8 45. Nd6 Rg5+ 46. Ke4 Nd5 47. e7 Nxe7 48. Rxe7 a5 49. Nc4 a4 50. Ra7 h5 51. Rxa4 h4 52. Ra8+ Kg7 53. Ra7+ Kf6 54. Ra6+ Kg7 55. Ne5 h3 56. Ra7+ Kg8 57. Rd7 h2 58. Rd8+ Kg7 59. Rd7+ Kg8 60. Rd8+ Kh7 61. Rd7+ Kh6 62. Nf7+ Kh5 63. Nxg5 h1=Q+ 64. Kf4 Qc1+ 65. Kf3 Kxg5 66. Rd5+ Kf6 67. Rd3 Ke5 68. Re3+ Kd4 69. Re4+ Kd3 70. Re5 c4 71. a4 Qf1+ 72. Kg4 Kd4 73. Rf5 Qe2+ 74. Kg5 c3 75. Rf4+ Kd3 76. a5 c2 77. Rf3+ Qxf3 0-1


[Site "https://www.chess.com"]

[Event "Titled Tuesday Blitz November 08 Early 2022"]
[White "Paravyan, David"]
[Black "Artemenko, Oleg"]
[WhiteFideId "4194985"]
[BlackFideId "14201798"]
[WhiteElo "2546"]
[BlackElo "2287"]
[Result "1/2-1/2"]
[Round "05"]
[TimeControl "180+1"]
[Date "2022.11.08"]
[WhiteClock "0:00:10"]
[BlackClock "0:00:04"]

1. e4 e5 2. Nf3 Nc6 3. Nc3 Nf6 4. d4 exd4 5. Nxd4 Bb4 6. Nxc6 bxc6 7. Bd3 d5 8. exd5 cxd5 9. O-O O-O 10. h3 Rb8 11. a3 Be7 12. b4 c5 13. bxc5 Bxc5 14. Bf4 Bd6 15. Qd2 a6 16. Rfe1 h6 17. Ne2 Qc7 18. Bxd6 Qxd6 19. Nd4 Bd7 20. Qa5 Rb6 21. Rab1 Rfb8 22. Rxb6 Rxb6 23. Nf3 Be6 24. Qc3 Rc6 25. Qb4 Qc7 26. Nd4 Rb6 27. Qa5 Qd6 28. Nb3 Ne4 29. Rd1 Qb8 30. Nc5 Rb1 31. Rxb1 Qxb1+ 32. Kh2 Qb8+ 33. Kg1 Qb1+ 34. Bf1 Qxc2 35. Nxe4 Qxe4 36. Qxa6 d4 37. a4 Bf5 38. g4 Bg6 39. Qe2 Qxe2 40. Bxe2 Bc2 41. Bf3 d3 42. Be4 Bb1 43. Bf3 Bc2 44. Be4 Bb1 45. Bf3 Bc2 1/2-1/2


[Site "https://www.chess.com"]

[Event "Titled Tuesday Blitz November 08 Early 2022"]
[White "Parpiev, Isaak"]
[Black "Zaichenko, Daria"]
[WhiteFideId "34281576"]
[BlackFideId "4197453"]
[WhiteElo "2094"]
[BlackElo "2039"]
[Result "1-0"]
[Round "05"]
[TimeControl "180+1"]
[Date "2022.11.09"]
[WhiteClock "0:00:05"]
[BlackClock "0:00:03"]

1. e4 c5 2. Nf3 Nc6 3. d4 cxd4 4. Nxd4 Nf6 5. Nc3 d6 6. Bg5 e6 7. Qd2 a6 8. O-O-O Bd7 9. f4 Be7 10. Kb1 b5 11. Nf3 Qb6 12. Bxf6 gxf6 13. Bd3 b4 14. Ne2 a5 15. f5 a4 16. Nf4 Ne5 17. fxe6 fxe6 18. Nxe5 dxe5 19. Bc4 Ra7 20. Nh5 b3 21. cxb3 axb3 22. Bxb3 h6 23. Rhf1 Kf7 24. Qf2 Qxf2 25. Rxf2 Rg8 26. Ng3 Ke8 27. Nf5 Rg4 28. Nxe7 Kxe7 29. Rdf1 Rxe4 30. Rxf6 Re1+ 31. Rxe1 Kxf6 32. Rf1+ Kg5 33. Bc2 Bc6 34. g3 e4 35. Re1 Kf5 36. a3 Rd7 37. Kc1 e5 38. Rd1 Rd4 39. Re1 Kg4 40. Re3 h5 41. b4 Rc4 42. Kb2 Rd4 43. Kc1 Rc4 44. Kd2 Rd4+ 45. Ke1 Bb5 46. Bd1+ 1-0


[Site "https://www.chess.com"]